 Dungeon Crawl Stone Soup version 0.24-a0-500-g46574c2197 (webtiles) character file.

Game seed: 2712715070342895326

226 KristoblXynda the Slasher (level 5, 0/45 HPs)
             Began as a Draconian Monk on July 15, 2019.
             Slain by an iguana (9 damage)
             ... on level 2 of the Dungeon.
             The game lasted 00:05:14 (3719 turns).

KristoblXynda the Slasher (Draconian Monk)          Turns: 3719, Time: 00:05:14

Health: 0/45       AC:  5    Str: 13    XL:     5   Next: 69%
Magic:  5/5        EV: 14    Int: 11    God:
Gold:   161        SH:  0    Dex: 14    Spells: 4/4 levels left

rFire    . . .     SeeInvis .   a - +0 falchion
rCold    . . .     Gourm    .   (no shield)
rNeg     . . .     Faith    .   (armour unavailable)
rPois    .         Spirit   .   (helmet restricted)
rElec    .         Reflect  .   (no cloak)
rCorr    .         Harm     .   (no gloves)
MR       .....                  (no boots)
Stlth    +++.......             (no amulet)
HPRegen  0.15/turn              j - ring of stealth
MPRegen  0.09/turn              (no ring)

@: no status effects
A: unfitting armour, cold-blooded, AC +5
a: no special abilities


You were on level 2 of the Dungeon.
You were near starving.

You visited 1 branch of the dungeon, and saw 3 of its levels.

You collected 161 gold pieces.

Inventory:

Hand Weapons
 a - a +0 falchion (weapon)
 g - a +2 morningstar of protection
Jewellery
 j - a ring of stealth (left hand)
Scrolls
 c - 2 scrolls of teleportation
 d - a scroll of random uselessness {unknown}
 e - 5 scrolls of remove curse
 i - a scroll of enchant weapon
 k - 2 scrolls of identify {unknown}
Comestibles
 b - 8 rations


   Skills:
 - Level 3.2 Fighting
 * Level 5.0 Long Blades
 + Level 3.7 Dodging
 + Level 3.2 Stealth


You had 4 spell levels left.
You didn't know any spells.
Your spell library was empty.

Dungeon Overview and Level Annotations

Branches:
Dungeon (3/15)

Altars:
The Shining One


Innate Abilities, Weirdness & Mutations

Your plain brown scales are hard. (AC +5)
You cannot fit into any form of body armour.
You are cold-blooded and may be slowed by cold attacks.


Message History

You hit the iguana.
Your tail-slap misses the iguana.
The iguana is heavily wounded.
You feel sick. The iguana bites you!
You hit the iguana.
Your tail-slap misses the iguana.
The iguana is severely wounded.
The iguana completely misses you.
You hit the iguana but do no damage.
The iguana is severely wounded.
The iguana bites you.
* * * LOW HITPOINT WARNING * * *
You hit the iguana.
The iguana is severely wounded.
The iguana misses you.
You are near starving!
You feel sick.
You are no longer poisoned.
You closely miss the iguana.
The iguana is severely wounded.
The iguana bites you!
You die...

#....#.......# ##.###..........
##.#..[....[..# #.# ##♣♣♣##.###
.....##.......#####.# #..# #.#
##.#..#.........>...# #..# #.#
#..#.............>..# #..# #.#
.#....#.##...#.##...####..# #.#
###...#.##...#.##...##....# #<# #
##..#.......o##...##.##.# #.###
##...>......l@...##.##.# #.##. #
##.........####..###.##.###.#.. #
#.#.#####........###.##........
♣♣♣♣♣♣.###########............#..
........##...........P.######.###
♣♣♣♣♣♣.............♣♣P.P......#
###.....#########...♣PP..######
...#...## #.P..P.### ########
###...##


You could see an iguana and an orc.

Vanquished Creatures
  An orc wizard (D:3)
  A worker ant (D:2)
  7 adders
  An ooze (D:3)
  2 worms
  3 dart slugs
  A leopard gecko (D:1)
  11 orcs (D:3)
  2 giant cockroaches
  11 goblins
  11 hobgoblins
  4 jackals
  6 kobolds
  2 quokkas
  7 bats
  7 frilled lizards
  13 rats
90 creatures vanquished.

Notes
Turn   | Place    | Note
-------+----------+-------------------------------------------
     0 | D:1      | KristoblXynda the Draconian Monk began the quest for the
                  | Orb.
     0 | D:1      | Reached XP level 1. HP: 19/19 MP: 1/1
   318 | D:1      | Reached XP level 2. HP: 26/26 MP: 2/2
   963 | D:1      | Reached XP level 3. HP: 31/31 MP: 3/3
  1375 | D:2      | Reached skill level 4 in Long Blades
  1375 | D:2      | Reached XP level 4. HP: 22/38 MP: 4/4
  2452 | D:3      | Reached XP level 5. HP: 35/45 MP: 5/5
  3053 | D:3      | Reached skill level 5 in Long Blades
  3283 | D:3      | Found a glowing golden altar of the Shining One.
  3719 | D:2      | Slain by an iguana

Levels and vault maps discovered:
D:1:      saegor_arrival_under_anarchy, layout_basic, minmay_3d_cube
D:2:      minmay_general_purpose_star, layout_loops_ring, serial_forest,
          infiniplex_forest_clump_small, infiniplex_forest_straight_2,
          infiniplex_forest_lined_1, infiniplex_forest_straight_1,
          infiniplex_forest_straight_3, minmay_tiny_reverse_x
D:3:      minmay_bubble_buster, layout_rooms, overflow_temple_1_default,
          uniq_grinder

Skill      XL: |  1  2  3  4  5 |
---------------+----------------+-----
Stealth        | 2 3 |  3.2
Dodging        | 3 |  3.7
Long Blades    | 4 5 |  5.0
Fighting       | |  3.2

Action                   |  1- 3 |  4- 6 || total
-------------------------+-------+-------++-------
Melee: Falchion          |    96 |    54 ||   150
       Tailslap          |    17 |    25 ||    42
       Morningstar       |       |   148 ||   148
  Use: Scroll            |       |     3 ||     3
       Potion            |       |     1 ||     1
 Stab: Sleeping          |     3 |     7 ||    10
  Eat: Chunk             |     1 |     7 ||     8
Armor: Skin              |    18 |    71 ||    89
Dodge: Dodged            |    75 |   152 ||   227
       Rpst.: Falchion   |    25 |    11 ||    36

Table legend:
 A = Non-vault XP
 B = Vault XP
 C = Vault XP percentage of total XP
 D = Non-vault monster count
 E = Vault monster count
 F = Vault count percentage of total count
                 A         B        C        D         E       F
            +---------+---------+-------+---------+---------+-------
      Total |     263 |      61 |  18.8 |      67 |      23 |  25.6
            +---------+---------+-------+---------+---------+-------
        D:1 |      40 |       4 |   9.1 |      23 |       3 |  11.5
        D:2 |     111 |      21 |  15.9 |      20 |       6 |  23.1
        D:3 |     112 |      36 |  24.3 |      24 |      14 |  36.8
            +---------+---------+-------+---------+---------+-------
